 Dungeon Crawl Stone Soup version 0.25.1-2-g60ff931df9 (webtiles) character file.

Game seed: 17855550363759528007

231 12sPaWn12 the Shield-Bearer (level 6, -1/39 HPs)
             Began as a Gargoyle Fighter on Nov 22, 2020.
             Slain by a water moccasin (5 damage)
             ... on level 3 of the Dungeon.
             The game lasted 00:05:05 (3013 turns).

12sPaWn12 the Shield-Bearer (Gargoyle Fighter)      Turns: 3013, Time: 00:05:05

Health: -1/39      AC: 12    Str: 21    XL:     6   Next: 4%
Magic:  6/6        EV:  8    Int:  9    God:
Gold:   245        SH:  9    Dex:  9    Spells: 5/5 levels left

rFire    . . .     SeeInvis .   a - +0 flail
rCold    . . .     Gourm    .   c - +0 kite shield
rNeg     + . .     Faith    .   b - +0 scale mail
rPois    ∞         Spirit   .   g - +0 helmet
rElec    +         Reflect  .   o - scarf {repulsion}
rCorr    .         Harm     .   (no gloves)
MR       .....                  (no boots)
Stlth    ..........             (no amulet)
HPRegen  0.13/turn              (no ring)
MPRegen  0.10/turn              (no ring)

@: repel missiles
A: negative energy resistance 1, electricity resistance, unbreathing,
petrification resistance, rot immunity, AC +4
a: no special abilities


You were on level 3 of the Dungeon.
You were hungry.

You visited 1 branch of the dungeon, and saw 4 of its levels.

You collected 245 gold pieces.

Inventory:

Hand Weapons
 a - a +0 flail (weapon)
Armour
 b - a +0 scale mail (worn)
 c - a +0 kite shield (worn)
 g - a +0 helmet (worn)
 o - a scarf of repulsion (worn)
Jewellery
 r - an uncursed ring of positive energy {unknown}
Scrolls
 e - 4 scrolls of remove curse
 h - 3 scrolls of identify {unknown}
 i - a scroll of teleportation {unknown}
 j - a scroll of magic mapping {unknown}
 k - a scroll of enchant weapon {unknown}
 l - 3 scrolls of blinking {unknown}
 m - 3 scrolls of amnesia {unknown}
Potions
 d - a potion of might
 n - a potion of lignification {unknown}
 p - a potion of invisibility {unknown}
 q - 2 potions of curing {unknown}
 s - a potion of haste {unknown}
Comestibles
 f - 7 rations


   Skills:
 + Level 4.5 Fighting
 + Level 3.5 Maces & Flails
 + Level 3.9 Armour
 + Level 0.7 Dodging
 + Level 0.2 Stealth
 + Level 4.7 Shields


You had 5 spell levels left.
You didn't know any spells.
Your spell library was empty.

Dungeon Overview and Level Annotations

Branches:
Dungeon (4/15)
 Temple: D:4-7

Altars:
Cheibriados
Dithmenos
Kikubaaqudgha
Sif Muna


Innate Abilities, Weirdness & Mutations

You are resistant to torment.
Your stone body is resilient. (AC +4)
You are immune to poison.
You resist negative energy. (rN+)
You are resistant to electric shocks. (rElec)
You can survive without breathing.
You are immune to petrification.
You are immune to rotting.


Message History

You hit the water moccasin.
The water moccasin is lightly wounded.
The water moccasin bites you but does no damage.
The water moccasin bites you.
* * * LOW HITPOINT WARNING * * *
The water moccasin bites you but does no damage.
The water moccasin completely misses you.
You block the water moccasin's attack. The water moccasin bites you.
* * * LOW HITPOINT WARNING * * *
The water moccasin bites you but does no damage.
Okay, then.
Unknown command.
As you read the scroll labeled MOLUDGHOSMY, it crumbles to dust.
You feel blessed for a moment.
It was a scroll of remove curse.
The water moccasin bites you but does no damage.
You are feeling hungry.
You block the water moccasin's attack. The water moccasin bites you.
You die...

...........##.###.#########......
.##>.............................
.##.###.##.##.###.###.#####.###..
..................###'#####.#....
.........................##.#.#.#
...............)((##.............
##...............................
#.###.....####S....(...#.#.#+#.#
#............#.@.......+.......#
##.##.#....####.#.#.....#.#.....#
...##.#...........#.....#.......#
##................##+####......##
#.##.#.....###....#.####.#.####
#.##..........................##
#.####.....###..#........#......
#.####.....# #.##........#.#####
##..........# #.##...##...#......


You could see a water moccasin.

Vanquished Creatures
  A hound (D:4)
  A worker ant (D:2)
  5 gnolls
  An adder (D:3)
  2 oozes (D:3)
  An adder skeleton (D:4)
  4 worms
  4 dart slugs
  4 leopard geckos
  An orc (D:3)
  4 giant cockroaches
  2 goblins
  13 hobgoblins
  9 jackals
  12 kobolds
  A quokka (D:3)
  2 ball pythons
  6 bats
  5 frilled lizards
  7 rats
85 creatures vanquished.

Notes
Turn   | Place    | Note
-------+----------+-------------------------------------------
     0 | D:1      | 12sPaWn12 the Gargoyle Fighter began the quest for the Orb.
     0 | D:1      | Reached XP level 1. HP: 14/14 MP: 1/1
   100 | D:1      | Reached XP level 2. HP: 16/19 MP: 2/2
   548 | D:1      | Reached XP level 3. HP: 24/24 MP: 3/3
   681 | D:1      | Found a snail-covered altar of Cheibriados.
  1040 | D:2      | Found a faded altar of an unknown god.
  1080 | D:2      | Reached XP level 4. HP: 17/29 MP: 4/4
  1658 | D:2      | Reached XP level 5. HP: 33/33 MP: 5/5
  1870 | D:3      | Found a shadowy altar of Dithmenos.
  1997 | D:3      | Found an ancient bone altar of Kikubaaqudgha.
  2095 | D:3      | Found a shimmering blue altar of Sif Muna.
  2900 | D:4      | Noticed a water moccasin
  2910 | D:4      | Reached XP level 6. HP: 35/39 MP: 6/6
  3013 | D:3      | Slain by a water moccasin

Illustrated notes

Levels and vault maps discovered:
D:1:      sevenhm_arrival_forest_fort_large_2, layout_loops_cross,
          minmay_misc_feat_diagonals, cheibriados_altar_1
D:2:      layout_loops_ring, chequers_ecumenical_altar_simple_redux
D:3:      layout_basic, lemuel_doored_altar, overflow_temple_1_default,
          nicolae_dithmenos_through_a_glass_darkly
D:4:      layout_loops_corners, nemelex_xobeh_ov_fountains_minmay,
          minmay_temple_entry_large_hall, first_ration

Skill      XL: |  1  2  3  4  5 |
---------------+----------------+-----
Shields        | 4 |  4.7
Maces & Flails | 3 |  3.5
Fighting       | 4 |  4.5
Armour         | |  3.9
Dodging        | |  0.7
Stealth        | |  0.2

Action                   |  1- 3 |  4- 6 || total
-------------------------+-------+-------++-------
Melee: Flail             |   138 |   204 ||   342
  Use: Scroll            |       |     1 ||     1
  Eat: Chunk             |       |     7 ||     7
Armor: Scale mail        |    94 |   102 ||   196
Dodge: Dodged            |    49 |    53 ||   102
       Repelled          |       |     1 ||     1
Block: Kite shield       |    80 |   109 ||   189
